 Dungeon Crawl Stone Soup version 0.31-a0-1499-ge0622b2318 (webtiles) character file.

Game seed: 16713828621330353496

118482 jasper the Fencer (level 16, -9/132 HPs)
             Began as a Human Cinder Acolyte on Dec 29, 2023.
             Was an Elder of Wu Jian.
             Mangled by a golden dragon simulacrum (12 damage)
             ... in an ice cave.
             The game lasted 00:50:22 (32758 turns).

jasper the Fencer (Human Cinder Acolyte)           Turns: 32758, Time: 00:50:23

Health: -9/132     AC: 29    Str: 14    XL:     16   Next: 76%
Magic:  1/17       EV: 16    Int: 17    God:    Wu Jian [****..]
Gold:   2545       SH:  0    Dex: 15    Spells: 17/17 levels left

rFire   . . .        o - +2 great sword (protect)
rCold   + . .        (shield currently unavailable)
rNeg    . . .        J - +4 ring mail
rPois   .            s - +2 hood of the Assassin {Detect Stab+ Stlth++}
rElec   .            R - +0 cloak
rCorr   +            O - +3 Mad Mage's Maulers {Infuse+∞ VampMP -Cast}
SInv    .            j - +1 pair of boots
Will    +....        c - amulet of regeneration
Stlth   +++++        K - ring of resist corrosion
HPRegen 1.22/turn    V - ring of protection from cold
MPRegen 0.15/turn

%: no spellcasting, infuse magic (1 MP)
@: mighty, exhausted, under a protective aura
A: explore regen
a: Renounce Religion, Wall Jump, Serpent's Lash


You were in an ice cave.
You worshipped Wu Jian.
Wu Jian was greatly pleased with you.
You visited 5 branches of the dungeon, and saw 24 of its levels.
You also visited: Bailey and Ice Cave.

You collected 5112 gold pieces.
You spent 2567 gold pieces at shops.

Inventory:

Hand Weapons
 a - a +0 falchion of flaming
 d - the +10 scimitar "Ikoq" {antimagic, Str+3}
   (You found it on level 13 of the Dungeon)

   Str+3:     It affects your strength (+3).
 o - a +2 great sword of protection (weapon)
 q - a +1 great sword of freezing
Missiles
 A - 50 boomerangs (quivered)
 M - 22 curare-tipped darts
 W - 9 javelins
Armour
 j - a +1 pair of boots (worn)
 s - the +2 hood of the Assassin (worn) {Detect Stab+ Stlth++}
   (You bought it in a shop on level 7 of the Dungeon)

   Detect:    It allows the wearer to sense nearby creatures.
   Stab+:     It allows the wearer to make particularly effective stabbing
   attacks against helpless or unaware enemies with any weapon.
   Stlth++:   It makes you much more stealthy.
 J - a +4 ring mail (worn)
 O - the +3 Mad Mage's Maulers (worn) {Infuse+∞ VampMP -Cast}
   (You bought it in a shop on level 2 of the Dungeon)

   Infuse+∞: It empowers its wearer's blows with all of their magic.
   VampMP:    Blows struck in melee replenish the wearer's magic.
   -Cast:     It prevents spellcasting.
 R - a +0 cloak (worn)
 Z - +2 ice dragon scales
Jewellery
 c - an amulet of regeneration (around neck)
 k - a ring of see invisible
 t - a ring of protection from cold
 D - a ring of flight
 K - a ring of resist corrosion (left hand)
 L - an amulet of the acrobat
 N - a ring of poison resistance
 P - a ring of willpower
 V - a ring of protection from cold (right hand)
Wands
 p - a wand of mindburst (10)
 r - a wand of roots (4)
 u - a wand of flame (50)
 x - a wand of polymorph (12)
 H - a wand of quicksilver (3)
 S - a wand of paralysis (21)
Scrolls
 g - 2 scrolls of butterflies
 h - 4 scrolls of fog
 m - 6 scrolls of vulnerability
 n - a scroll of brand weapon
 v - 3 scrolls of blinking
 w - 2 scrolls of poison
 y - 2 scrolls of silence
 C - a scroll of immolation
 E - 2 scrolls of enchant weapon
 F - 3 scrolls of fear
 G - 4 scrolls of enchant armour
 Y - 10 scrolls of identify
Potions
 b - a potion of enlightenment
 e - 5 potions of attraction
 f - 4 potions of haste
 i - 6 potions of lignification
 l - 10 potions of might
 z - 12 potions of curing
 B - 5 potions of mutation
 I - 2 potions of berserk rage
 Q - 2 potions of ambrosia
 T - 3 potions of heal wounds
 U - 2 potions of magic
Miscellaneous
 X - a phantom mirror (inert)


   Skills:
 * Level 13.7 Fighting
 - Level 20.0 Long Blades
 + Level 11.5 Armour
 + Level 11.4 Dodging
 + Level 8.7 Stealth
 - Level 1.0 Spellcasting
 - Level 3.0 Fire Magic


You had 17 spell levels left.
You didn't know any spells.
Your spell library contained the following spells:

 Spells                   Type           Power      Damage    Failure   Level
 Scorch                   Fire           22%        2d5       16%         2
 Apportation              Tloc           0%         N/A       36%         1
 Freeze                   Ice            0%         1d3       36%         1
 Kiss of Death            Conj/Necr      0%         2d5       36%         1
 Necrotise                Necr           0%         1d4       36%         1
 Sandblast                Erth           0%         2d4       36%         1
 Sting                    Conj/Alch      0%         1d3       36%         1
 Summon Small Mammal      Summ           0%         N/A       36%         1
 Cigotuvi's Dreadful Rot  Necr/Alch/Air  0%         N/A       50%         2
 Mercury Vapours          Alch/Air       0%         N/A       50%         2
 Static Discharge         Conj/Air       0%         3-3/arc   50%         2
 Call Canine Familiar     Summ           0%         N/A       73%         3
 Confusing Touch          Hex            0%         N/A       73%         3
 Frozen Ramparts          Ice            0%         1d1       73%         3
 Gell's Gravitas          Tloc           0%         N/A       73%         3
 Hailstorm                Conj/Ice       0%         3d5       73%         3
 Mephitic Cloud           Conj/Alch/Air  0%         N/A       73%         3
 Passwall                 Erth           0%         N/A       73%         3
 Sigil of Binding         Hex            0%         N/A       73%         3
 Stone Arrow              Conj/Erth      0%         3d7       73%         3
 Teleport Other           Tloc           0%         N/A       73%         3
 Summon Blazeheart Golem  Fire/Summ      5%         N/A       89%         4
 Airstrike                Air            0%         2d(0-16)  98%         4
 Brom's Barrelling Bould  Conj/Erth      0%         2d3       98%         4
 Dimensional Bullseye     Hex/Tloc       0%         N/A       98%         4
 Dispel Undead            Necr           0%         3d6       98%         4
 Martyr's Knell           Necr/Summ      0%         N/A       98%         4
 Summon Lightning Spire   Summ/Air       0%         N/A       98%         4
 Vhi's Electric Charge    Tloc/Air       0%         N/A       98%         4
 Fireball                 Conj/Fire      2%         3d4       99%         5
 Arcjolt                  Conj/Air       0%         1d10      100%        5
 Freezing Cloud           Conj/Ice/Air   0%         6-21      100%        5
 Iskenderun's Battlesphe  Conj           0%         2d6       100%        5
 Bombard                  Conj/Erth      0%         9d1       100%        6
 Conjure Ball Lightning   Conj/Air       0%         3x3d6     100%        6
 Death Channel            Necr           0%         N/A       100%        6
 Dispersal                Tloc           0%         N/A       100%        6
 Plasma Beam              Fire/Air       2%         2x1d12    100%        6
 Orb of Destruction       Conj           0%         9d5       100%        7
 Spellforged Servitor     Conj/Summ      0%         N/A       100%        7
 Discord                  Hex            0%         N/A       100%        8
 Disjunction              Tloc           0%         N/A       100%        8
 Chain Lightning          Conj/Air       0%         N/A       100%        9
 Fire Storm               Conj/Fire      2%         8d1       100%        9
 Shatter                  Erth           0%         3d5*      100%        9


Dungeon Overview and Level Annotations

Branches:
Dungeon (15/15)            Temple (1/1) D:7            Lair (5/5) D:11
 Shoals (0/4) Lair:3        Snake (1/4) Lair:2        Slime (0/5) Lair:4
    Orc (2/2) D:12            Elf (0/3) Orc:2        Vaults (0/5) D:14
 Depths (0/4) D:15         Bailey (visited)           IceCv (1/1)

Altars:
Ashenzari
Cheibriados
Dithmenos
Elyvilon
Fedhas
Gozag
Hepliaklqana
Kikubaaqudgha
Makhleb
Nemelex Xobeh
Okawaru
Qazlal
Ru
Sif Muna
Trog
Uskayaw
Vehumet
Wu Jian
Xom
Yredelemnul
Zin
The Shining One

Shops:
D:2 *   D:4 :   D:5 !   D:7 [[   D:8 !   Orc:1 :   Orc:2 !:[(   Snake:1 (

Portals:
Trove: D:13 (give +4 shadow dragon scales)


Innate Abilities, Weirdness & Mutations

You regain HP and MP as you explore.


Message History

You slash the golden dragon simulacrum!
The golden dragon simulacrum is almost destroyed.
You slash the golden dragon simulacrum!
The golden dragon simulacrum vaporises!
The Council accepts your kill.
The ice dragon simulacrum barely misses you.
The ice dragon simulacrum claws you! The ice dragon simulacrum freezes you.
You resist.
* * * LOW HITPOINT WARNING * * *
The ice dragon simulacrum tramples you but does no damage.
You take 13 damage, and have 34/132 hp.
You now have 1/17 mp.
You spin and attack the golden dragon simulacrum.
You hit the golden dragon simulacrum but do no damage.
You spin and attack the ice dragon simulacrum repeatedly.
You hit the ice dragon simulacrum.
The ice dragon simulacrum is almost destroyed.
You slice the ice dragon simulacrum!!
The ice dragon simulacrum vaporises!
The Council accepts your kill.
You spin and attack the storm dragon simulacrum repeatedly.
You hit the storm dragon simulacrum.
The storm dragon simulacrum is lightly damaged.
You hit the storm dragon simulacrum but do no damage.
The storm dragon simulacrum is lightly damaged.
You spin and attack the golden dragon simulacrum.
You hit the golden dragon simulacrum.
The golden dragon simulacrum is lightly damaged.
The storm dragon simulacrum bites you but does no damage.
The storm dragon simulacrum claws you but does no damage.
The storm dragon simulacrum closely misses you.
The golden dragon simulacrum bites you.
* * * LOW HITPOINT WARNING * * *
The golden dragon simulacrum freezes you!!
You resist.
* * * LOW HITPOINT WARNING * * *
The golden dragon simulacrum claws you!
* * * LOW HITPOINT WARNING * * *
The golden dragon simulacrum freezes you!
You resist.
You die...

##..## Z$. ##..# {.)Z#
####..#### ### $$$#
##.#....#.## ##.####Z...#
##..........### ##.....ZZ#
##.............###..##..###
##..............#...######
#...............ZZ###
#..............@Z##
##..............##
##...........###
##........### ###....###
###..## ##..### ##...######
###......##


You could see a storm dragon simulacrum and 2 golden dragon simulacra.

Vanquished Creatures
  A golden dragon (IceCv)
  Jorgrun (Orc:2)
  Kirke (Lair:5)
  An orc warlord (Orc:2)
  An ironbound preserver (D:14)
  Nessos (D:14)
  A fire dragon (D:13)
  6 hydras
  2 ogre magi
  5 ice dragons (IceCv)
  8 centaur warriors
  An anaconda (Snake:1)
  2 catoblepae
  7 two-headed ogres
  2 death knights (D:13)
  15 death yaks
  4 boulder beetles
  A deep troll shaman (Lair:5)
  A deep troll earth mage (D:15)
  A tengu warrior (D:14)
  2 orc high priests (Orc:2)
  Urug (Lair:3)
  6 skeletal warriors
  A deep elf knight (D:13)
  An arcanist (D:14)
  An orange crystal statue (IceCv)
  4 deep elf pyromancers
  4 orc knights
  Pikel (D:7)
  A necromancer (D:13)
  13 ugly things
  4 cyclopes
  6 manticores
  3 orc sorcerers (Orc:2)
  A salamander (Snake:1)
  3 meliai (D:15)
  A wolf spider (D:13)
  10 slime creatures
  A black mamba (shapeshifter) (D:15)
  6 elephants
  Joseph (D:9)
  6 kobold blastminers
  A merfolk siren (Lair:3)
  A cane toad (shapeshifter) (D:15)
  18 cane toads
  4 gargoyles
  7 black mambas
  3 torpor snails
  5 storm dragon simulacra (IceCv)
  4 rime drakes
  3 unseen horrors
  12 komodo dragons
  2 freezing wraiths (Snake:1)
  2 efreet
  2 tengu conjurers
  5 golden dragon simulacra (IceCv)
  5 trolls
  5 polar bears
  A blink frog (shapeshifter) (D:13)
  2 hornets
  13 blink frogs
  12 dream sheep
  2 water elementals (D:12)
  A centaur simulacrum (D:15)
  4 vampires
  3 shadows
  8 basilisks
  5 wraiths
  6 wyverns
  7 hogs (Lair:5)
  26 yaks
  11 fire elementals (D:14)
  5 vampire mosquitoes (D:14)
  A warg (Orc:2)
  A redback simulacrum (D:14)
  A swamp worm (D:7)
  3 nagas (Lair:2)
  16 water moccasins
  3 acid dragons
  2 ice beasts (D:8)
  6 black bears
  31 orc warriors
  5 boggarts (D:15)
  2 sky beasts (D:8)
  9 ogres
  4 ice dragon simulacra (IceCv)
  11 wolves
  9 centaurs
  A lemure (D:7)
  6 kobold brigands
  2 gnoll sergeants
  14 bullfrogs
  A scorpion (D:5)
  3 wights (D:8)
  6 killer bees
  4 lindwurm simulacra (IceCv)
  A howler monkey (D:12)
  3 electric eels
  A bombardier beetle (D:4)
  6 jellies
  13 orc priests
  3 iguanas
  23 orc wizards
  26 hell rats
  Robin (D:3)
  5 gnolls (D:7)
  9 adders
  2 ribbon worms
  A white imp (D:6)
  2 ufetubi (D:5)
  4 dart slugs
  76 orcs
  4 bats
  10 endoplasms
  8 giant cockroaches
  16 goblins
  6 hobgoblins
  3 jackals (D:2)
  19 kobolds
  A quokka (D:4)
  4 ball pythons
  2 frilled lizards
  7 rats
721 creatures vanquished.

Vanquished Creatures (collateral kills)
  An orc warrior (Bailey)
  2 kobold brigands (Bailey)
3 creatures vanquished.

Vanquished Creatures (others)
  An ogre (Orc:1)
  A kobold brigand (Bailey)
  An orc wizard (D:9)
3 creatures vanquished.

Grand Total: 727 creatures vanquished

Notes
Turn   | Place    | Note
-------+----------+-------------------------------------------
     0 | D:1      | jasper the Human Cinder Acolyte began the quest for the
                  | Orb.
     0 | D:1      | Reached XP level 1. HP: 18/18 MP: 2/2
    15 | D:1      | Found a faded altar of an unknown god.
   227 | D:1      | Reached XP level 2. HP: 18/24 MP: 3/3
   509 | D:1      | Reached XP level 3. HP: 26/29 MP: 4/4
   648 | D:2      | Reached skill level 1 in Armour
   651 | D:2      | Reached skill level 1 in Dodging
   924 | D:2      | Reached XP level 4. HP: 35/35 MP: 5/5
  1050 | D:2      | Found Faim Xuag's General Store.
  1279 | D:4      | Reached skill level 4 in Long Blades
  1392 | D:4      | Identified the amulet "Nub Rapp" {Acrobat *Slow Str+8}
  1491 | D:4      | Reached XP level 5. HP: 32/41 MP: 6/6
  1686 | D:4      | Found Isie's Tremendous Tomes.
  1864 | D:5      | Entered Level 5 of the Dungeon
  2041 | D:5      | Reached XP level 6. HP: 44/48 MP: 7/7
  2251 | D:5      | Found Hengiam's Distillery.
  2254 | D:5      | Bought a potion of curing for 39 gold pieces
  2305 | D:5      | Noticed a black bear
  2312 | D:5      | Killed a black bear
  2313 | D:5      | Reached skill level 5 in Long Blades
  2621 | D:5      | Noticed a black bear
  2628 | D:5      | Killed a black bear
  2629 | D:5      | Reached XP level 7. HP: 50/55 MP: 8/8
  2803 | D:6      | Reached skill level 6 in Long Blades
  2960 | D:6      | You fall into a shaft and drop 3 floors!
  2968 | D:9      | Noticed Joseph
  2977 | D:10     | Entered Level 10 of the Dungeon
  3040 | D:10     | Reached XP level 8. HP: 40/61 MP: 9/9
  3119 | D:10     | Noticed a shadow
  3125 | D:10     | Killed a shadow
  3126 | D:10     | Reached skill level 5 in Fighting
  3142 | D:10     | Noticed a troll
  3151 | D:10     | Killed a troll
  3253 | D:10     | Noticed a gargoyle
  3263 | D:10     | Killed a gargoyle
  3264 | D:10     | Reached skill level 7 in Long Blades
  3357 | D:10     | Noticed an unseen horror
  3379 | D:10     | Killed an unseen horror
  3380 | D:10     | Reached XP level 9. HP: 48/69 MP: 10/10
  3429 | D:9      | Reached skill level 8 in Long Blades
  3429 | D:9      | Reached skill level 5 in Armour
  3457 | D:8      | Found a snail-covered altar of Cheibriados.
  3457 | D:8      | Found a burning altar of Makhleb.
  3457 | D:8      | Found a sparkling altar of Nemelex Xobeh.
  3564 | D:7      | Reached skill level 5 in Dodging
  3602 | D:7      | Found a flagged portal.
  3624 | Bailey   | Entered a bailey
  3740 | Bailey   | Noticed an orc knight
  3761 | Bailey   | Killed an orc knight
  3817 | Bailey   | Reached skill level 9 in Long Blades
  3842 | Bailey   | Found an iron altar of Okawaru.
  3952 | D:7      | Reached XP level 10. HP: 20/77 MP: 11/11
  4786 | D:7      | Found a sacrificial altar of Ru.
  4928 | D:2      | Bought the +3 Mad Mage's Maulers {Infuse+∞ VampMP -Cast}
                  | for 520 gold pieces
  4928 | D:2      | Found the +3 Mad Mage's Maulers {Infuse+∞ VampMP -Cast}
  5034 | D:3      | Noticed Robin
  5076 | D:3      | Killed Robin
  6014 | D:7      | Noticed Pikel
  6043 | D:7      | Killed Pikel
  6200 | D:7      | Found Sutwuk Agon's Armour Boutique.
  6276 | D:7      | Found Aqatrog's Armour Shop.
  6734 | D:7      | Found a staircase to the Ecumenical Temple.
  6872 | D:8      | Noticed a two-headed ogre
  6877 | D:8      | Killed a two-headed ogre
  6878 | D:8      | Reached skill level 10 in Long Blades
  7390 | D:8      | Found a shimmering altar of Xom.
  7390 | D:8      | Found a white marble altar of Elyvilon.
  7390 | D:8      | Found a snail-covered altar of Cheibriados.
  7390 | D:8      | Found a white marble altar of Elyvilon.
  7390 | D:8      | Found a burning altar of Makhleb.
  7390 | D:8      | Found a snail-covered altar of Cheibriados.
  7439 | D:8      | HP: 4/80 [acid (2)]
  8542 | D:8      | Found Umikkas's Distillery.
  8545 | D:8      | Bought a potion of heal wounds for 70 gold pieces
  8545 | D:8      | Bought a potion of heal wounds for 70 gold pieces
  8545 | D:8      | Bought a potion of heal wounds for 70 gold pieces
  8545 | D:8      | Bought a potion of lignification for 42 gold pieces
  8738 | D:9      | Killed Joseph
  8893 | D:9      | Reached XP level 11. HP: 73/86 MP: 1/12
  9084 | D:9      | Reached skill level 11 in Long Blades
  9348 | D:9      | Noticed a four-headed hydra
  9354 | D:9      | Killed a one-headed hydra
  9578 | D:9      | Noticed a manticore
  9609 | D:9      | Killed a manticore
  9707 | D:9      | Noticed a deep elf pyromancer
  9711 | D:9      | Killed a deep elf pyromancer
 10586 | D:10     | Found a radiant altar of Vehumet.
 10960 | D:10     | Reached skill level 12 in Long Blades
 11918 | D:11     | Found a staircase to the Lair.
 12102 | D:12     | Noticed a manticore
 12103 | D:12     | Noticed a centaur warrior
 12124 | D:12     | Killed a manticore
 12125 | D:12     | Reached XP level 12. HP: 78/94 MP: 1/13
 12130 | D:12     | Killed a centaur warrior
 12131 | D:12     | Reached skill level 13 in Long Blades
 12281 | Lair:1   | Entered Level 1 of the Lair of Beasts
 12281 | Lair:1   | Noticed a death yak
 12281 | Lair:1   | Noticed a death yak
 12281 | Lair:1   | Noticed a death yak
 12407 | Temple   | Entered the Ecumenical Temple
 12435 | Temple   | Fell from the grace of Ignis
 12435 | Temple   | Became a worshipper of the Wu Jian Council
 12587 | D:12     | Found a staircase to the Orcish Mines.
 12587 | D:12     | Noticed a boulder beetle
 12743 | D:13     | You fall into a shaft and drop 1 floor!
 13307 | D:14     | Noticed Nessos
 13340 | D:14     | Killed Nessos
 13341 | D:14     | Reached skill level 14 in Long Blades
 13341 | D:14     | Reached skill level 1 in Stealth
 13452 | D:14     | You fall into a shaft and drop 1 floor!
 13452 | D:15     | Entered Level 15 of the Dungeon
 13452 | D:15     | Was forgiven by Ignis
 13507 | D:15     | Noticed a two-headed ogre
 13608 | D:15     | Noticed a two-headed ogre
 13619 | D:15     | Killed a two-headed ogre
 13812 | D:15     | Noticed a two-headed ogre
 13822 | D:15     | Killed a two-headed ogre
 14044 | D:14     | Noticed a centaur warrior
 14051 | D:14     | Killed a centaur warrior
 14139 | D:14     | Found a bloodstained altar of Trog.
 14187 | D:14     | Noticed a centaur warrior
 14284 | D:13     | Noticed a centaur warrior
 14287 | D:13     | Killed a centaur warrior
 14862 | D:13     | Reached skill level 10 in Fighting
 14862 | D:13     | Reached XP level 13. HP: 103/103 MP: 6/14
 15145 | D:13     | Identified the +10 scimitar "Ikoq" {antimagic, Str+3}
 15149 | D:13     | Noticed a fire dragon
 15167 | D:13     | Reached skill level 5 in Stealth
 15538 | D:11     | Reached * piety under Wu Jian
 16461 | Lair:2   | Reached skill level 10 in Armour
 16527 | Lair:2   | Reached skill level 10 in Dodging
 16541 | Lair:2   | Reached ** piety under Wu Jian
 17351 | Lair:2   | Found a staircase to the Snake Pit.
 17521 | Lair:3   | Reached XP level 14. HP: 115/115 MP: 1/15
 17989 | Lair:3   | Reached *** piety under Wu Jian
 18000 | Lair:3   | Noticed Urug
 18012 | Lair:3   | Killed Urug
 18045 | Lair:3   | Identified the storm talisman of Howling Wind {rF++ Int+6
                  | Slay-6}
 18496 | Lair:3   | Found a staircase to the Shoals.
 18884 | Lair:4   | Reached **** piety under Wu Jian
 19417 | Lair:4   | Found a staircase to the Slime Pits.
 21077 | Orc:1    | Entered Level 1 of the Orcish Mines
 21392 | Orc:1    | Found Gudag's Book Emporium.
 21560 | D:7      | Bought the +2 hood of the Assassin {Detect Stab+ Stlth++}
                  | for 780 gold pieces
 21560 | D:7      | Found the +2 hood of the Assassin {Detect Stab+ Stlth++}
 22070 | Orc:2    | Entered Level 2 of the Orcish Mines
 22148 | Orc:2    | Reached skill level 15 in Long Blades
 22314 | Orc:2    | Found a staircase to the Elven Halls.
 22408 | Orc:2    | Noticed Jorgrun
 22412 | Orc:2    | Killed Jorgrun
 22491 | Orc:2    | Reached ***** piety under Wu Jian
 22957 | Orc:2    | Found Ashefex's Book Shoppe.
 23522 | Orc:2    | Reached XP level 15. HP: 123/123 MP: 4/16
 23524 | Orc:2    | Found Ynamit's Distillery.
 23532 | Orc:2    | Bought a potion of haste for 150 gold pieces
 23532 | Orc:2    | Bought a potion of heal wounds for 75 gold pieces
 23532 | Orc:2    | Bought a potion of enlightenment for 75 gold pieces
 24104 | Orc:2    | Reached skill level 16 in Long Blades
 24361 | Orc:2    | Noticed an orc warlord
 24366 | Orc:2    | Found Cuozos's Antique Weapon Boutique.
 24387 | Orc:2    | Killed an orc warlord
 24392 | Orc:2    | Found Dynn's Antique Armour Shop.
 24766 | Lair:5   | Entered Level 5 of the Lair of Beasts
 25518 | Lair:5   | Noticed Kirke
 25534 | Lair:5   | Killed Kirke
 25535 | Lair:5   | Reached skill level 17 in Long Blades
 27078 | Lair:5   | Identified the +0 great mace of Trauma {flame, *Noise Int+7
                  | SInv}
 27447 | D:13     | Reached skill level 18 in Long Blades
 27920 | D:13     | Found a portal to a secret trove of treasure.
 29218 | D:2      | Bought a scroll of acquirement for 676 gold pieces
 29218 | D:2      | Acquired 1026 gold pieces
 29577 | D:14     | Reached XP level 16. HP: 129/130 MP: 1/17
 29600 | D:14     | Reached skill level 19 in Long Blades
 29736 | D:14     | Found a gate to the Vaults.
 30942 | D:15     | Found a staircase to the Depths.
 31026 | D:15     | Reached skill level 20 in Long Blades
 31793 | Snake:1  | Entered Level 1 of the Snake Pit
 31793 | Snake:1  | Found Nygadali's Antique Weapon Boutique.
 31836 | Snake:1  | Found a frozen archway.
 31853 | IceCv    | Entered an ice cave
 32387 | IceCv    | Noticed a golden dragon
 32501 | IceCv    | Killed a golden dragon
 32637 | IceCv    | Identified the ring of Wujacw {Wiz +Blink}
 32758 | IceCv    | HP: 3/132 [golden dragon simulacrum (9)]
 32758 | IceCv    | Mangled by a golden dragon simulacrum

Illustrated notes

Levels and vault maps discovered:
D:1:      dreamdust_arrival_sigmund_warning, layout_rooms,
          chequers_ecumenical_altar_simple_redux, chequers_serial_rivers_micro_d
D:2:      layout_basic, serial_shops, shop_fountains
D:3:      layout_loops_cross, uniq_robin
D:4:      layout_cave_pools, nicolae_shop_i_like_big_books
D:5:      black_bear_nest_2, layout_cave_pools, serial_shops, kennysheep_mini
D:6:      layout_cave_pools
D:7:      layout_basic, nicolae_ru_sacrificial_ziggurat,
          minmay_temple_entry_glassed_door, enter_bailey_3, serial_shops, shop,
          nicolae_shop_hallway_plus, worms_lemuel, uniq_pikel
D:8:      cheibrodos_fertilizer, layout_loops_ring,
          gammafunk_temple_overflow_forgotten, serial_shops,
          nicolae_shop_window_shopping, serial_aquarium,
          aquarium_bridge_straight [aquarium_subvault_bridge,
          aquarium_subvault_balcony, aquarium_subvault_bridge,
          aquarium_subvault_wall], aquarium_bridge_long_joined
          [aquarium_subvault_wall, aquarium_subvault_bridge,
          aquarium_subvault_bridge, aquarium_subvault_window,
          aquarium_subvault_balcony, aquarium_subvault_bridge],
          aquarium_window_corner, aquarium_window_2, aquarium_view_2a,
          aquarium_view_2e, aquarium_balcony_double_2, aquarium_pool_1,
          st_stairs_11, kennysheep_small_spiral
D:9:      wad_guarded_room, layout_irregular_city, hangedman_decor_growths,
          minmay_holes, minivault_23, dk_rats_in_the_wall, uniq_joseph
D:10:     layout_basic, mainiacjoe_overflow_six_doors_small,
          serial_co_window_serial, co_window_of_opportunity_a,
          co_window_of_opportunity_a, co_window_paths_a, co_window_paths_a,
          co_window_paths_a, co_window_broadway_c, co_window_corner_cb,
          co_window_of_opportunity_c, co_window_corner_b, co_window_paths_d,
          co_window_4corner_a, glass_columns_c, glass_columns_c,
          minmay_misc_feat_plants
D:11:     layout_roguey, david_lair_shrubbed
D:12:     layout_basic, david_orc_2, minmay_misc_feat_square,
          chequers_serial_rivers_micro_b
D:13:     minmay_the_grid_square_5x5_4x4
          [minmay_the_grid_square_5x5_three_walls,
          minmay_the_grid_square_5x5_inner_v,
          minmay_the_grid_square_5x5_minimal,
          minmay_the_grid_square_5x5_hollow_slash,
          minmay_the_grid_square_5x5_sharp_hourglass,
          minmay_the_grid_square_5x5_prize_snowflake,
          minmay_the_grid_square_5x5_prize_gold,
          minmay_the_grid_square_5x5_minibox,
          minmay_the_grid_square_5x5_almost_minimal,
          minmay_the_grid_square_5x5_prize_junk,
          minmay_the_grid_square_5x5_prize_deathbox,
          minmay_the_grid_square_5x5_three_small,
          minmay_the_grid_square_5x5_six_small,
          minmay_the_grid_square_5x5_two_walls_a,
          minmay_the_grid_square_5x5_shrine2,
          minmay_the_grid_square_5x5_checkered], layout_grid_maze,
          gauntlet_entry_generic, enter_trove_0
D:14:     layout_roguey, skrybe_vaults_entry_preservation, nrook_uturn,
          bloody_trog, uniq_nessos
D:15:     hellmonk_depths_entry_around_the_bend, layout_loops_ring
Temple:   bh_familiar_temple
Lair:1:   layout_gridlike, lemuel_fruit_fields, serial_bayou_shore_a,
          serial_bayou_shore_b, grunt_megastairs_4
Lair:2:   layout_small_grid, nicolae_snake_entry_squirm
Lair:3:   layout_loops_ring, elwin_shoals_entry_rooms,
          chequers_serial_rivers_small_b, minmay_shattered_shrine,
          grunt_megastairs_2, infiniplex_staircase_pool, lemuel_fruit_tree,
          uniq_urug
Lair:4:   layout_regular_city, slime_entry_1, serial_forest,
          infiniplex_forest_clump_C, infiniplex_forest_end_1,
          infiniplex_forest_clump_tiny, infiniplex_forest_lined_2,
          grunt_megastairs_5
Lair:5:   grunt_lair_end_beastmaster, layout_loops_ring, lemuel_fruit_fields,
          uniq_kirke
Snake:1:  layout_onion_interference, serial_shops, shop,
          portal_ice_cave_entry_frozen_things
Orc:1:    layout_caves, serial_shops, shop, basic_altar
Orc:2:    grunt_orc_community_town_hall, layout_caves,
          grunt_orc_community_big_house_2, grunt_orc_community_big_house_2,
          grunt_orc_community_house_3, grunt_orc_community_house_2,
          grunt_orc_community_house_2, grunt_orc_community_house_1,
          grunt_orc_community_house_3, grunt_orc_community_house_3, uniq_jorgrun
IceCv:    ice_cave_small_dragons

Skill      XL: |  1  2  3  4  5  6  7  8  9 10 11 12 13 14 15 16 |
---------------+-------------------------------------------------+-----
Armour         | 1 2 3 4 6 7 8 9 10 11 | 11.5
Dodging        | 1 2 3 4 5 7 8 9 10 11 | 11.4
Long Blades    | 4 5 6 7 9 10 12 14 15 18 20 | 20.0
Fighting       | 4 5 6 7 8 10 12 13 | 13.7
Stealth        | 4 6 8 |  8.7
Spellcasting   | |  1.0
Fire Magic     | |  3.0

Action                     |  1- 3 |  4- 6 |  7- 9 | 10-12 | 13-15 | 16-18 || total
---------------------------+-------+-------+-------+-------+-------+-------++-------
  Melee: Falchion          |   117 |   122 |   165 |   757 |    29 |       ||  1190
         Punch             |     1 |     1 |     1 |    15 |     8 |       ||    26
         Scimitar          |       |       |       |       |   507 |       ||   507
         Great sword       |       |       |       |       |   761 |   343 ||  1104
  Throw: Dart              |       |       |     9 |     1 |       |       ||    10
         Boomerang         |       |       |       |     9 |     4 |     3 ||    16
 Invoke: Fiery Armour      |     1 |     2 |     3 |     6 |       |       ||    12
         Rising Flame      |       |       |     1 |       |       |       ||     1
         Heavenly Storm    |       |       |       |       |     1 |     1 ||     2
         Serpent's Lash    |       |       |       |       |       |     1 ||     1
Ability: Lunge             |       |       |       |    11 |    82 |    25 ||   118
         Whirlwind         |       |       |       |       |   545 |   117 ||   662
  Evoke: Wand              |       |     2 |    15 |     9 |       |    12 ||    38
         Phantom mirror    |       |       |       |       |       |     1 ||     1
    Use: Scroll            |     2 |     5 |    12 |     7 |     3 |     1 ||    30
         Potion            |       |       |     2 |     7 |     1 |     4 ||    14
   Stab: Sleeping          |       |       |       |     2 |    43 |     7 ||    52
         Distracted        |       |       |       |     1 |     5 |     2 ||     8
         Petrifying        |       |       |       |       |     1 |       ||     1
         Paralysed         |       |       |       |       |       |     2 ||     2
 Armour: Robe              |    35 |       |       |       |       |       ||    35
         Ring mail         |    53 |       |    16 |   405 |   699 |   198 ||  1371
         Scale mail        |    12 |   101 |    53 |       |       |       ||   166
         Troll leather arm |       |       |    69 |       |       |       ||    69
         Ice dragon scales |       |       |       |       |       |    25 ||    25
  Dodge: Dodged            |    97 |    77 |   175 |   481 |   711 |   213 ||  1754

Table legend: (Time is in decaauts)
 A = Elapsed time spent in this place.
 B = Non-inter-level travel time spent in this place.
 C = Inter-level travel time spent in this place.
 D = Time resting spent in this place.
 E = Time spent auto-exploring this place.
 F = Levels seen in this place.
 G = Mean time per level.
                   A        B        C        D        E       F      G
               +--------+--------+--------+--------+--------+-----+--------+
         Total |  32530 |  29689 |   2841 |   1866 |  22222 |  26 | 1251.2 |
       Dungeon |  21234 |  19014 |   2220 |   1347 |  14229 |  15 | 1415.6 |
        Temple |     55 |      1 |     54 |      0 |      0 |   1 |   55.0 |
          Lair |   6789 |   6363 |    426 |    108 |   5133 |   5 | 1357.8 |
     Snake Pit |     52 |     52 |      0 |      0 |      0 |   1 |   52.0 |
  Orcish Mines |   3241 |   3102 |    139 |    124 |   2400 |   2 | 1620.5 |
        Bailey |    256 |    256 |      0 |     10 |     60 |   1 |  256.0 |
      Ice Cave |    899 |    899 |      0 |    277 |    399 |   1 |  899.0 |
               +--------+--------+--------+--------+--------+-----+--------+

Top non-repeatable levels by time:
    D:13: 3006 daAuts
   Orc:2: 2520 daAuts
  Lair:5: 2247 daAuts
     D:8: 1998 daAuts
    D:14: 1920 daAuts
     D:7: 1844 daAuts
    D:10: 1797 daAuts
    D:15: 1652 daAuts
    D:12: 1580 daAuts
    D:11: 1457 daAuts
     D:9: 1434 daAuts
  Lair:3: 1255 daAuts
  Lair:4: 1211 daAuts
  Lair:2: 1103 daAuts
  Lair:1: 972 daAuts
